 Dungeon Crawl Stone Soup version 0.26.1-16-g4e020e15dc (webtiles) character file.

Game seed: 6301163208054126018

54 Froggeryz the Cudgeller (level 3, 6/29 HPs)
             Began as a Demigod Gladiator on Mar 10, 2024.
             Quit the game on level 2 of the Dungeon.
             The game lasted 00:01:19 (1627 turns).

Froggeryz the Cudgeller (Demigod Gladiator)         Turns: 1627, Time: 00:01:19

Health: 6/29       AC:  4    Str: 19    XL:     3   Next: 44%
Magic:  5/5        EV: 13    Int: 12    God:
Gold:   42         SH:  0    Dex: 17    Spells: 2/2 levels left

rFire    . . .     SeeInvis .   a - +0 flail
rCold    . . .     Faith    .   (no shield)
rNeg     . . .     Spirit   .   b - +0 leather armour
rPois    .         Reflect  .   c - +0 helmet
rElec    .         Harm     .   (no cloak)
rCorr    .         Rampage  .   (no gloves)
Will     .....                  (no boots)
Stlth    +.........             (no amulet)
HPRegen  0.09/turn              (no ring)
MPRegen  0.09/turn              (no ring)

@: lethally poisoned (6 -> -4), hasted, very quick
A: high mp 1
a: no special abilities


You were on level 2 of the Dungeon.
You visited 1 branch of the dungeon, and saw 2 of its levels.

You collected 42 gold pieces.

Inventory:

Hand Weapons
 a - a +0 flail (weapon)
Missiles
 d - 3 throwing nets (quivered)
Armour
 b - a +0 leather armour (worn)
 c - a +0 helmet (worn)
Scrolls
 f - a scroll of enchant weapon
 i - a scroll of blinking


   Skills:
 - Level 1.7 Fighting
 * Level 3.8 Maces & Flails
 - Level 1.7 Throwing
 + Level 1.5 Armour
 - Level 2.6 Dodging


You had 2 spell levels left.
You didn't know any spells.
Your spell library was empty.

Dungeon Overview and Level Annotations

Branches:
Dungeon (2/15)


Innate Abilities, Weirdness & Mutations

You have an increased reservoir of magic. (+10% MP)


Message History

You are too injured to fight recklessly!
You are too injured to fight recklessly!
You are too injured to fight recklessly!
You are too injured to fight recklessly!
You are too injured to fight recklessly!
You are too injured to fight recklessly!
You are too injured to fight recklessly!
You are too injured to fight recklessly!
Okay, then.
You miss the adder. The adder bites you.
You are more poisoned.
The adder poisons you! The adder misses you. The adder barely misses you.
You completely miss the adder.
You feel sick. The adder bites you.
* * * LOW HITPOINT WARNING * * *
You are lethally poisoned!
The adder poisons you!
The adder bites you but does no damage. x2
It was a potion of haste.
You feel yourself speed up.
* * * LOW HITPOINT WARNING * * *
You feel sick. The adder closely misses you. The adder barely misses you.
Are you sure you want to abandon this character and quit the game? (Confirm with "yes".)

.. ###........# #. #.
..########.# #. # #. #.#
#.# #.
.##.#####.########.####.
..[.................... #
##.......#############.
#.#.#...##...##############
.........SS................
...#...##@.#....##########
#...##.......# #
#S..##.......##########
.....######.....#.......
......# #.....#.#....>.#
........# #.....#.#......#
...)....# #.....#.#......#
.....#### #.....#.#.......
###.#.#.#......#


You could see 2 adders.

Vanquished Creatures
  An adder (D:2)
  2 dart slugs (D:1)
  A leopard gecko (D:1)
  A ball python (D:1)
  A bat (D:1)
  A giant cockroach (D:1)
  4 hobgoblins
  7 jackals
  3 kobolds
  A quokka (D:2)
  6 goblins
  7 rats
35 creatures vanquished.

Notes
Turn   | Place    | Note
-------+----------+-------------------------------------------
     0 | D:1      | Froggeryz the Demigod Gladiator began the quest for the
                  | Orb.
     0 | D:1      | Reached XP level 1. HP: 17/17 MP: 3/3
    69 | D:1      | Reached skill level 3 in Maces & Flails
    89 | D:1      | Reached XP level 2. HP: 24/24 MP: 4/4
   490 | D:1      | Reached skill level 1 in Armour
   538 | D:1      | Found a bloodstained altar of Trog.
  1016 | D:2      | Reached XP level 3. HP: 25/29 MP: 5/5
  1365 | D:2      | Found a glowing silver altar of Zin.
  1561 | D:2      | Found a glowing golden altar of the Shining One.
  1627 | D:2      | Quit the game

Illustrated notes

Levels and vault maps discovered:
D:1:      sevenhm_arrival_forest_fort_small_6, layout_loops_ring
D:2:      layout_basic, tso_oasis_becter, general_overflow_altar,
          item_on_display_a

Skill      XL: |  1  2 |
---------------+-------+-----
Maces & Flails | 3 |  3.8
Armour         | 1 |  1.5
Fighting       | |  1.7
Throwing       | |  1.7
Dodging        | |  2.6

Action                   || total
-------------------------++-------
Melee: Flail             ||   117
  Use: Scroll            ||     5
       Potion            ||     1
 Stab: Sleeping          ||     4
Armor: Leather armour    ||    40
Dodge: Dodged            ||   113
